 Dungeon Crawl Stone Soup version 0.18-a0-1130-g4a6f1b9 (webtiles) character file.

1773 Jenkins the Ducker (level 8, -11/78 HPs)
             Began as a Purple Draconian Berserker on Jan 20, 2016.
             Was an Elder of Trog.
             Mangled by a hill giant
             ... wielding a +0 giant club
              (32 damage)
             ... on level 6 of the Dungeon on Jan 21, 2016.
             The game lasted 00:32:34 (6302 turns).

Jenkins the Ducker (Purple Draconian Berserker)     Turns: 6302, Time: 00:32:34

Health: -11/78     AC:  6    Str: 21    XL:     8   Next: 80%
Magic:  8/8        EV: 15    Int:  8    God:    Trog [****..]
Gold:   315        SH:  0    Dex: 11    Spells: 0 memorised, 7 levels left

rFire  . . .     SeeInvis .     g - +1 short sword (elec)
rCold  . . .     Gourm    .     (armour unavailable)
rNeg   . . .     Faith    .     (no shield)
rPois  +         Spirit   .     (helmet restricted)
rElec  .         Dismiss  .     (no cloak)
rCorr  .         Reflect  .     (no gloves)
SustAt .         Harm     .     (no boots)
MR     +....                    p - amulet of regeneration
Stlth  ++........               (no ring)
                                (no ring)

@: somewhat resistant to hostile enchantments, unstealthy
A: breathe power, unfitting armour, poison resistance, robust 1, cold-blooded,
subdued magic 1, AC +6
a: Breathe Dispelling Energy, Berserk, Trog's Hand, Brothers in Arms, Burn
Spellbooks, Renounce Religion


You were on level 6 of the Dungeon.
You worshipped Trog.
Trog was greatly pleased with you.
You were not hungry.

You visited 1 branch of the dungeon, and saw 6 of its levels.
You also visited: Sewer.

You collected 315 gold pieces.

Inventory:

Hand Weapons
 a - a +0 falchion
 c - a +2 vampiric short sword
 g - a +1 short sword of electrocution (weapon)
 v - a +0 blowgun
 y - a +0 rapier
 B - a +0 dagger
Missiles
 i - 248 stones (quivered)
 n - 23 poisoned arrows
 q - 11 arrows of flame
 s - 6 sling bullets of frost
 u - 10 poisoned needles
 w - 48 arrows
Jewellery
 d - an uncursed ring of wizardry
 p - an amulet of regeneration (around neck)
 t - an uncursed amulet of magic regeneration
Wands
 C - a wand of teleportation (1/9)
Scrolls
 b - a scroll of immolation
 e - 2 scrolls of enchant weapon
 f - 2 scrolls of teleportation
 j - 4 scrolls of magic mapping
 k - 3 scrolls of remove curse
 l - a scroll of random uselessness
 m - 2 scrolls of enchant armour
 o - 2 scrolls of identify
 F - a scroll of blinking {unknown}
Potions
 x - 2 potions of might
 z - a potion of brilliance
 A - 3 potions of heal wounds
 D - a potion of haste
 E - 3 potions of curing
Comestibles
 h - a bread ration
 r - 2 meat rations


   Skills:
 + Level 6.5 Fighting
 + Level 3.7(4.3) Short Blades
 + Level 3.4(4.2) Long Blades
 + Level 7.7 Dodging
 * Level 4.4 Stealth


You had 7 spell levels left.
You didn't know any spells.

Dungeon Overview and Level Annotations

Branches:
Dungeon (6/15)
 Temple: D:4-7

Altars:
Dithmenos
Elyvilon
Gozag
Nemelex Xobeh
Ru
Trog
Zin
The Shining One


Innate Abilities, Weirdness & Mutations

You can breathe bolts of dispelling energy.
Your rich purple scales are hard (AC +6).
Your body does not fit into most forms of armour.
You are cold-blooded and may be slowed by cold attacks.
Your system is resistant to poisons.
You are robust (+10% HP).
Your spells are a little easier to cast, but a little less powerful.


Message History

The hill giant hits you with a giant club!
You hit the hill giant but do no damage.
There is a sudden explosion of sparks!
The hill giant is heavily wounded.
You puncture the hill giant!
You tail-slap the hill giant, but do no damage.
The hill giant is severely wounded.
The hill giant closely misses you.
You barely miss the hill giant.
The hill giant is severely wounded.
The hill giant barely misses you.
You hit the hill giant. You tail-slap the hill giant.
The hill giant is severely wounded.
The hill giant hits you with a giant club!!
* * * LOW HITPOINT WARNING * * *
You hear a shout! x2
You barely miss the hill giant.
The hill giant is severely wounded.
The hill giant hits you with a giant club!!
You die...

#.#..#$.
#.#.##.#
#.#.##..
#....#s###
###..#...#
##.#.#!#
#..#...#
#..'.#C#
#..#.@.#
##.#.#?#
###...#
#.### #..
#.# #.. #.


You could see a hill giant and a giant cockroach.

Vanquished Creatures
  The ghost of Raynx the Fighter, a novice MiFi of Okawaru (D:5)
  The ghost of Phoenix the Slasher, an amateur HEBe of Trog (Sewer)
  A hippogriff (D:5)
  A water moccasin (D:5)
  Duvessa (D:4)
  A sky beast (D:5)
  2 phantoms
  An ogre (D:5)
  Dowan (D:4)
  A water moccasin skeleton (D:6)
  A hound (D:4)
  A jelly (D:5)
  A giant frog skeleton (D:5)
  An iguana (D:6)
  A worker ant (D:4)
  2 river rats (D:4)
  15 adders
  An ooze (D:1)
  A worm (D:5)
  6 giant geckos
  6 orcs
  7 ball pythons
  11 giant cockroaches
  13 goblins
  11 hobgoblins
  12 jackals
  6 quokkas
  8 bats
  A giant gecko skeleton (D:5)
  2 giant newts
  16 kobolds
  8 rats
  5 plants (Sewer)
147 creatures vanquished.

Notes
Turn   | Place    | Note
--------------------------------------------------------------
     0 | D:1      | Jenkins the Draconian Berserker began the quest for the Orb.
     0 | D:1      | Reached XP level 1. HP: 19/19 MP: 1/1
   260 | D:1      | Reached XP level 2. HP: 9/26 MP: 2/2
   853 | D:1      | Reached ** piety under Trog
   928 | D:1      | Reached XP level 3. HP: 31/33 MP: 3/3
  1035 | D:1      | Reached skill level 4 in Fighting
  1658 | D:2      | Found a bloodstained altar of Trog.
  1728 | D:2      | Reached XP level 4. HP: 12/40 MP: 4/4
  1745 | D:2      | Gained mutation: You are robust (+10% HP). [potion of mutation]
  1745 | D:2      | Gained mutation: Your spells are a little easier to cast, but a little less powerful. [potion of mutation]
  1745 | D:2      | Gained mutation: Your system is resistant to poisons. [potion of mutation]
  2587 | D:3      | Reached *** piety under Trog
  2717 | D:3      | Found a sacrificial altar of Ru.
  2753 | D:3      | Found a shadowy altar of Dithmenos.
  2785 | D:3      | Found an opulent altar of Gozag.
  2786 | D:3      | Found a sparkling altar of Nemelex Xobeh.
  2836 | D:3      | Reached skill level 1 in Stealth
  3252 | D:3      | Reached XP level 5. HP: 45/50 MP: 5/5
  3351 | D:4      | Noticed a phantom
  3371 | D:4      | Killed a phantom
  3371 | D:4      | Reached skill level 1 in Short Blades
  3467 | D:4      | Reached XP level 6. HP: 42/58 MP: 6/6
  3544 | D:4      | Found a sparkling altar of Nemelex Xobeh.
  3544 | D:4      | Noticed Duvessa
  3544 | D:4      | Noticed Dowan
  3555 | D:4      | Killed Duvessa
  3555 | D:4      | Reached skill level 5 in Dodging
  3566 | D:4      | Killed Dowan
  3702 | D:4      | Found a glowing drain.
  3849 | D:4      | Reached **** piety under Trog
  3861 | D:4      | Found a white marble altar of Elyvilon.
  3863 | D:4      | Found a glowing golden altar of the Shining One.
  3864 | D:4      | Found a glowing silver altar of Zin.
  4035 | Sewer    | Entered a sewer
  4035 | Sewer    | Noticed Phoenix's ghost (amateur HEBe)
  4048 | Sewer    | Killed Phoenix's ghost
  4048 | Sewer    | Reached skill level 5 in Fighting
  4048 | Sewer    | Reached XP level 7. HP: 47/67 MP: 7/7
  4048 | Sewer    | Your scales start taking on a rich purple colour.
  4939 | D:5      | Entered Level 5 of the Dungeon
  4953 | D:5      | Reached skill level 6 in Dodging
  4959 | D:5      | Noticed Raynx's ghost (novice MiFi)
  5280 | D:5      | Killed Raynx's ghost
  5280 | D:5      | Reached XP level 8. HP: 43/77 MP: 8/8
  5704 | D:5      | Reached skill level 7 in Dodging
  6292 | D:6      | Noticed a hill giant
  6302 | D:6      | Mangled by a hill giant

Vault maps used:
D:1:      scummos_arrival_star, minivault_26
D:2:      bloody_trog, first_bread
D:3:      grunt_temple_overflow_opulence, lemuel_crystal_altar,
          grunt_dithmenos_smoke
D:4:      good_gods_temple_1, portal_sewer_entry_a, nemelex_lonely_heart_becter,
          uniq_duvessa
D:6:      grunt_temple_overflow_forces_of_nature, kennysheep_mini_moat,
          minmay_temple_entry_junction, enter_ossuary_2, minmay_splitting_lines,
          hangedman_minor_gate_pass
Sewer:    sewer_co_scattered_pipes

Action                   |  1- 3 |  4- 6 |  7- 9 || total
-------------------------+-------+-------+-------++-------
Melee: Falchion          |    62 |       |       ||    62
       Short sword       |    49 |   196 |   305 ||   550
Throw: Stone             |       |     4 |       ||     4
  Use: Potion            |     1 |     2 |     7 ||    10
       Scroll            |       |     6 |     8 ||    14
 Stab: Sleeping          |       |       |     1 ||     1
  Eat: Bread ration      |     1 |     2 |     1 ||     4
       Royal jelly       |       |       |     1 ||     1
